 Dungeon Crawl Stone Soup version 0.21.0-3-g78d12a8 (webtiles) character file.

626035 Jatast the Hoplite (level 26, -1/220 HPs)
             Began as a Demonspawn Wanderer on Jan 17, 2018.
             Was the Champion of Trog.
             Slain by a red draconian knight
             ... wielding a +1 great mace of holy wrath
              (9 damage)
             ... on level 1 of the Realm of Zot.
             The game lasted 02:52:36 (58270 turns).

Jatast the Hoplite (Demonspawn Wanderer)           Turns: 58270, Time: 02:52:37

Health: -1/220     AC: 28    Str: 28    XL:     26   Next: 7%
Magic:  8/8        EV: 28    Int: 20    God:    Trog [******]
Gold:   3080       SH:  0    Dex: 17    Spells: 29/29 levels left

rFire    + + .     SeeInvis +   a - +9 demon trident (antimagic)
rCold    + . .     Gourm    .   T - +1 large shield {rC+}
rNeg     + . .     Faith    .   m - +2 fire dragon scales
rPois    .         Spirit   .   N - +2 helmet {SInv}
rElec    +         Reflect  +   Y - +1 cloak {MR+}
rCorr    +         Harm     .   (no gloves)
MR       ++++.                  (boots unavailable)
Stlth    ..........             w - +4 amulet of reflection
HPRegen  0.86/turn              u - ring "Wyqeufa" {rCorr MR+ Int+4}
MPRegen  0.11/turn              l - ring of protection from cold

@: confused, mighty, agile, about to teleport, slowed, very slow
A: talons 3, thin metallic scales 3, magic resistance 1, negative energy
resistance 1, powered by death 3, powered by pain 3, regeneration 1, 50% torment
resistance, black mark, MP-powered wands
}: 5/15 runes: decaying, serpentine, slimy, silver, abyssal
a: Berserk, Trog's Hand, Brothers in Arms, Burn Spellbooks, Renounce Religion


You were on level 1 of the Realm of Zot.
You worshipped Trog.
Trog was exalted by your worship.
You were not hungry.

You visited 9 branches of the dungeon, and saw 47 of its levels.
You visited the Abyss 1 time.
You also visited: Ossuary and Ice Cave.

You collected 6422 gold pieces.
You spent 3342 gold pieces at shops.

Inventory:

Hand Weapons
 a - a +9 antimagic demon trident (weapon)
 b - a +4 demon trident of freezing
Armour
 m - +2 fire dragon scales (worn)
 N - a +2 helmet of see invisible (worn)
 T - a +1 large shield of cold resistance (worn)
 Y - a +1 cloak of magic resistance (worn)
Jewellery
 h - an uncursed ring of protection from fire
 l - a ring of protection from cold (right hand)
 u - the ring "Wyqeufa" (left hand) {rCorr MR+ Int+4}
   (You found it on level 5 of the Pits of Slime)

   [ring of resist corrosion]

   It affects your intelligence (+4).
   It affects your resistance to hostile enchantments.
 w - a +4 amulet of reflection (around neck)
 F - the ring "Reumoth" {+Fly rPois Str-5 Dex+3 Slay+4}
   (You found it on level 8 of the Dungeon)

   [ring of dexterity]

   It affects your strength (-5).
   It affects your dexterity (+3).
   It affects your accuracy and damage with ranged weapons and melee attacks
   (+4).
   It protects you from poison.
   It lets you fly.
Wands
 c - a wand of iceblast (67)
 q - a wand of scattershot (22)
 v - a wand of acid (7)
 C - a wand of disintegration (34)
 H - a wand of flame (44)
 K - a wand of digging (13)
 M - a wand of clouds (7)
 P - a wand of paralysis (29)
Scrolls
 e - 13 scrolls of remove curse
 g - 21 scrolls of teleportation
 k - 10 scrolls of fear
 t - 9 scrolls of magic mapping
 y - a scroll of silence
 A - 5 scrolls of enchant armour
 E - 6 scrolls of immolation
 G - 5 scrolls of blinking
 O - a scroll of enchant weapon
 Q - 8 scrolls of fog
 V - 16 scrolls of identify
Potions
 f - 3 potions of invisibility
 j - 10 potions of flight
 n - 9 potions of mutation
 o - 10 potions of haste
 p - 6 potions of heal wounds
 r - 3 potions of resistance
 s - a potion of ambrosia
 z - a potion of brilliance
 B - 9 potions of cancellation
 D - 2 potions of might
 I - 6 potions of agility
 J - 2 potions of magic
 L - 19 potions of curing
 X - 2 potions of berserk rage
Miscellaneous
 i - 3 phantom mirrors
Comestibles
 d - 62 rations
 x - 13 chunks of flesh


   Skills:
 + Level 20.9 Fighting
 - Level 18.5 Polearms
 - Level 1.0 Throwing
 + Level 20.2 Armour
 + Level 18.0 Dodging
 + Level 22.3 Shields
 - Level 2.0 Spellcasting
   Level 3.2 Necromancy
 - Level 1.0 Evocations


You had 29 spell levels left.
You didn't know any spells.

Dungeon Overview and Level Annotations

Branches:
Dungeon (15/15)            Temple (0/1) D:6            Lair (6/6) D:10
  Swamp (4/4) Lair:4        Snake (4/4) Lair:3        Slime (5/5) Lair:6
    Orc (2/2) D:11            Elf (0/3) Orc:2        Vaults (5/5) D:14
  Crypt (0/3) Vaults:2     Depths (5/5) D:15            Zot (1/5) Depths:5

Altars:
Dithmenos
Fedhas
Gozag
Hepliaklqana
Kikubaaqudgha
Makhleb
Nemelex Xobeh
Trog
Xom
Yredelemnul
Zin
The Shining One
Beogh

Shops:
Orc:1 **   Orc:2 :[(=   Vaults:1 =*   Vaults:3 *   Vaults:4 !

Portals:
Hell: Depths:1 Depths:2 Depths:3 Depths:4 Depths:5
Abyss: Depths:4
Pandemonium: Depths:3 Depths:5
Ziggurat: Depths:4

Annotations:
Snake:1 exclusion: Roxanne, Roxanne


Innate Abilities, Weirdness & Mutations

You have claws for feet.
You are completely covered in thin metallic scales. (AC +4, rElec)
You resist negative energy. (rN+)
You regenerate a lot of health from kills.
You are powered by pain.
You are somewhat able to resist unholy torments (1 in 2 success).
Your melee attacks may debilitate your foes.
You are resistant to hostile enchantments. (MR+)
Your natural rate of healing is unusually fast.
You expend magic power (3 MP) to strengthen your wands.


Message History

* * * LOW HITPOINT WARNING * * *
The death cob drains your vigour!
You feel as though you will be slow longer.
You block the white draconian's attack.
The red draconian knight completely misses you.
The white draconian shifter falters for a moment.
You are confused.
You feel invigorated. The death cob barely misses you.
The death cob completely misses you. The death cob closely misses you.
The red draconian knight hits you with a great mace of holy wrath!
* * * LOW HITPOINT WARNING * * *
You convulse!
* * * LOW HITPOINT WARNING * * *
The white draconian completely misses you. x2
The death cob hits you but does no damage.
The white draconian shifter hits you but does no damage.
The white draconian completely misses you.
The white draconian misses you.
The red draconian knight hits you with a great mace of holy wrath!
You die...

#..#..........###....#
##...###....#.#+###....#
.........#.###...##.#'#
#.....#####.##.....###.##
#..#....#..##......##...##
##.#.#..#.##.......'.....#
#..#.#.#...+....d.d##...##
.......#.###....)z$.##.##
##.##.##.#.##...@q..####
...#...#....##...q.##
...#.)##.....##...##
.......###....#####
...#..........#
...#.#.#..#####
###########


You could see a red draconian knight (invisible), 2 draconians, a white
draconian shifter and a death cob.

Vanquished Creatures
  the Royal Jelly (Slime:5)
  Boris (Depths:5)
  Margery (Vaults:3)
  Vashnia (Snake:2)
  4 caustic shrikes (Depths:5)
  Saint Roka (Depths:3)
  A profane servitor (Abyss:1)
  3 golden dragons
  the Enchantress (Depths:5)
  3 bone dragons
  5 tentacled monstrosities
  9 liches
  Jorgrun (Vaults:2)
  An electric golem (Zot:1)
  2 quicksilver dragons
  Gastronok (D:8)
  15 acid blobs
  Kirke (Snake:1)
  6 titans
  10 tentacled starspawn
  Frances (D:12)
  An Executioner (Abyss:4)
  2 thorn hunters
  9 sphinxes
  11 storm dragons
  Donald (Swamp:3)
  6 tengu reavers
  4 azure jellies
  7 shadow dragons
  10 fire giants
  4 deep elf sorcerers
  5 nagarajas (Snake:4)
  2 draconian knights
  11 frost giants
  An orc warlord (Orc:2)
  18 vault wardens
  A draconian scorcher (Zot:1)
  Aizul (Snake:1)
  A draconian annihilator (Zot:1)
  2 iron dragons
  4 deep elf elementalists
  8 war gargoyles
  A draconian stormcaller (Zot:1)
  A reaper (Abyss:4)
  A draconian shifter (Depths:5)
  5 spriggan defenders
  16 ironheart preservers
  2 vampire knights (Depths:2)
  20 stone giants
  32 very ugly things
  2 entropy weavers
  4 black draconians
  2 white draconians
  6 deep elf annihilators
  2 deep elf demonologists
  The ghost of Tovarisch the Grappler, a journeyman TrMo of Wu Jian (Lair:3)
  3 spark wasps (Depths:4)
  4 purple draconians
  6 red draconians
  2 yellow draconians (Zot:1)
  3 blizzard demons
  16 crystal guardians
  Josephine (D:15)
  11 ettins
  3 deep elf death magi
  A quicksilver dragon zombie (Vaults:5)
  8 fire dragons
  2 jiangshi (Depths:2)
  11 yaktaur captains
  6 death oozes (Slime:5)
  Fannar (Lair:2)
  2 deep elf high priests (Vaults:5)
  12 great orbs of eyes
  5 ice dragons
  6 rakshasas
  A catoblepas (Lair:2)
  14 naga warriors
  30 vault guards
  The ghost of SeriousVitamin the Grappler, a journeyman NaTm (D:11)
  4 death knights
  3 ghost crabs
  19 hydras
  5 spriggan air magi
  12 anacondas
  An alligator (shapeshifter) (Vaults:5)
  8 centaur warriors
  13 dancing weapons
  A satyr (shapeshifter) (Depths:3)
  14 ogre magi
  49 two-headed ogres
  8 deep troll shamans
  2 alligators (Swamp:2)
  A hell hog (Abyss:1)
  A queen ant (shapeshifter) (Abyss:4)
  4 deep troll earth magi
  5 tengu warriors
  14 naga sharpshooters
  2 orc high priests (Orc:2)
  11 spriggan berserkers
  A vampire mage (Depths:2)
  7 shock serpents
  2 shock serpents (shapeshifter) (Vaults:5)
  10 thrashing horrors
  8 wretched stars
  Urug (D:12)
  3 deep elf knights
  2 iron trolls (Depths:1)
  A shadow wraith (Vaults:4)
  9 skeletal warriors
  2 spatial maelstroms (Abyss:4)
  A titan skeleton (D:15)
  6 hell knights
  2 sixfirhies (Abyss:1)
  17 deep trolls
  12 sea snakes (Snake:4)
  A storm dragon skeleton (Abyss:4)
  9 flayed ghosts
  6 unseen horrors
  8 glowing orange brains
  3 obsidian statues (Depths:3)
  A tengu zombie (Vaults:5)
  A swamp dragon (shapeshifter) (Depths:3)
  5 wizards
  The ghost of skk the Carver, a novice TeBe of Trog (D:7)
  3 orange crystal statues
  7 necromancers
  3 shambling mangroves
  9 swamp dragons
  5 mana vipers
  6 naga ritualists
  12 ironbrand convokers
  10 orc knights
  3 harpies (Vaults:2)
  A harpy (shapeshifter) (Vaults:4)
  7 deep elf archers
  5 phantasmal warriors
  6 shining eyes
  An orb spider (Abyss:4)
  A manticore (shapeshifter) (Depths:3)
  9 wolf spiders
  61 ugly things
  16 deep elf magi
  6 orc sorcerers
  7 cyclopes
  A sphinx skeleton (D:15)
  2 manticores
  4 salamanders
  A frost giant zombie (Abyss:4)
  3 worldbinders
  A fire giant skeleton (D:15)
  An elephant (shapeshifter) (Vaults:5)
  21 vault sentinels
  10 naga magi
  5 moths of wrath (Zot:1)
  3 apocalypse crabs (Abyss:4)
  A human skeleton (Vaults:5)
  11 guardian serpents
  2 black mambas (shapeshifter)
  A rust devil (Abyss:2)
  9 smoke demons
  28 black mambas
  A molten gargoyle (Depths:3)
  14 spiny frogs
  An orange demon (Abyss:2)
  A torpor snail (Lair:4)
  2 ice statues (IceCv)
  5 rime drakes
  5 gargoyles
  70 yaktaurs
  A komodo dragon (shapeshifter) (Vaults:1)
  A spriggan zombie (D:15)
  2 efreet (Abyss:4)
  2 kobold demonologists (D:14)
  A hellwing (Abyss:4)
  15 ice devils
  A hellion (Abyss:4)
  A tormentor (Abyss:1)
  9 komodo dragons
  6 ancient zymes
  8 freezing wraiths
  A jumping spider (shapeshifter) (Vaults:3)
  A tengu conjurer (D:14)
  2 meliai (shapeshifter)
  A wind drake (shapeshifter) (Vaults:1)
  3 wind drakes (Depths:3)
  10 trolls
  5 polar bears
  6 tyrant leeches
  23 hornets
  A raiju (shapeshifter) (Vaults:1)
  2 polar bears (shapeshifter) (Depths:3)
  A wolf spider simulacrum (Abyss:2)
  4 dream sheep (Lair:4)
  7 bog bodies
  43 raiju
  87 slime creatures
  A slime creature (shapeshifter) (Vaults:4)
  12 hippogriffs
  A hippogriff (shapeshifter) (Depths:3)
  11 blink frogs
  6 flying skulls
  14 spriggans
  16 air elementals
  15 wyverns
  10 redbacks
  A tarantella (Vaults:2)
  A wyvern (shapeshifter) (Depths:5)
  30 large abominations
  A basilisk (shapeshifter) (Depths:3)
  7 water elementals
  52 yaks
  4 shadows
  6 ynoxinuls
  A fire bat (Abyss:1)
  3 basilisks
  4 fire elementals (Depths:3)
  3 yaks (shapeshifter)
  A vampire (D:15)
  Eustachio (D:8)
  A steam dragon (shapeshifter) (Vaults:4)
  12 wraiths
  6 chaos spawn
  A steam dragon (Lair:6)
  Grum (D:8)
  2 hungry ghosts
  9 golden eyes
  11 neqoxecs
  8 vampire mosquitoes
  5 wargs
  A swamp worm (shapeshifter) (Depths:2)
  5 spatial vortices (Abyss:4)
  Edmund (D:4)
  13 insubstantial wisps
  49 nagas
  A soldier ant (D:14)
  2 acid dragons
  16 swamp worms
  10 water moccasins
  9 porcupines
  2 floating eyes
  3 floating eyes (shapeshifter)
  51 orc warriors
  9 swamp drakes
  5 sky beasts
  5 eyes of draining
  A phantom (D:14)
  5 ice beasts
  3 black bears
  41 ogres
  A black bear (shapeshifter) (D:13)
  2 necrophages
  8 boggarts
  An eye of draining (shapeshifter) (Vaults:2)
  9 wolves
  15 centaurs
  22 crocodiles
  5 big kobolds
  2 elf zombies
  25 bullfrogs
  An elf skeleton (Abyss:4)
  8 earth elementals (Depths:3)
  23 small abominations
  A scorpion (shapeshifter) (Depths:3)
  2 scorpions
  A water moccasin skeleton (D:8)
  An elf simulacrum (Vaults:3)
  3 killer bees (D:8)
  17 wights
  3 electric eels (Snake:4)
  A howler monkey (shapeshifter) (D:15)
  A howler monkey (D:12)
  4 crimson imps
  A bullfrog zombie (D:8)
  34 starcursed masses
  4 centaur zombies
  7 hounds
  6 quasits
  A wyvern simulacrum (D:15)
  4 human zombies (Ossuary)
  A jelly (shapeshifter) (Vaults:5)
  26 orc priests
  A gnoll shaman (D:8)
  6 jellies
  9 centaur skeletons
  4 iron imps
  5 iguanas
  31 orc wizards
  10 worker ants
  A big kobold zombie (Ossuary)
  3 mummies (Ossuary)
  2 hound zombies
  3 hound skeletons
  A howler monkey zombie (D:8)
  3 worker ant zombies
  11 adders
  9 gnolls
  3 shadow imps
  7 white imps
  11 ufetubi
  An ooze (D:2)
  5 adder zombies
  An adder skeleton (D:5)
  5 worms
  A ball lightning (Depths:3)
  2 dart slugs (D:1)
  10 leopard geckos
  122 orcs
  4 giant cockroaches
  9 goblins
  6 hobgoblins
  4 jackals (D:2)
  19 kobolds
  5 quokkas
  A ball python (D:5)
  9 bats
  2 frilled lizards
  2 gnoll zombies (Ossuary)
  4 goblin zombies (Ossuary)
  3 hobgoblin zombies (Ossuary)
  3 jackal zombies (Ossuary)
  2 kobold zombies (Ossuary)
  A leopard gecko skeleton (D:4)
  2 quokka zombies (Ossuary)
  4 rats
  2 rat zombies (Ossuary)
  A briar patch (Swamp:4)
  A fungus (Swamp:3)
  3 lurking horrors
  2 plants (Depths:5)
  8 starspawn tentacles
2436 creatures vanquished.

Vanquished Creatures (collateral kills)
  A caustic shrike (Depths:5)
  2 hydras
  A swamp dragon (Lair:6)
  A yak (Lair:2)
5 creatures vanquished.

Vanquished Creatures (others)
  3 stone giants
  A war gargoyle (Depths:3)
  An ice dragon (Depths:4)
  2 spriggan air magi (Depths:4)
  A centaur warrior (Depths:4)
  2 dancing weapons (Depths:3)
  A deep elf archer (Vaults:5)
  A necromancer (Abyss:4)
  9 yaktaurs
  An ancient zyme (Abyss:4)
  7 humans (Snake:1)
  A fire elemental (Depths:3)
  A floating eye (shapeshifter) (Depths:3)
  An orc warrior (Orc:2)
  2 boggarts (D:15)
  A small abomination (Abyss:1)
  An orc wizard (Vaults:2)
  2 white imps (IceCv)
  3 ufetubi (IceCv)
  9 ball lightnings (Depths:3)
  9 fungi (Lair:6)
  67 plants
  22 starspawn tentacles
  3 withered plants (D:15)
151 creatures vanquished.

Grand Total: 2592 creatures vanquished

Notes
Turn   | Place    | Note
-------+----------+-------------------------------------------
     0 | D:1      | Jatast the Demonspawn Wanderer began the quest for the Orb.
     0 | D:1      | Jatast set off with: a +2 scale mail, Poiric's Papyrus of Envenoming, a +0 spear, a ration
     0 | D:1      | Reached XP level 1. HP: 16/16 MP: 3/3
     0 | D:1      | Identified Poiric's Papyrus of Envenoming
    46 | D:1      | Reached skill level 1 in Polearms
   177 | D:1      | Gained mutation: You have sharp toenails. [demonic ancestry]
   177 | D:1      | Reached XP level 2. HP: 20/22 MP: 5/5
  1030 | D:2      | Gained mutation: You regenerate a little health from kills. [demonic ancestry]
  1030 | D:2      | Reached XP level 3. HP: 27/27 MP: 6/6
  1141 | D:2      | Found a bloodstained altar of Trog.
  1345 | D:2      | Gained mutation: You are partially covered in thin metallic scales. (AC +2) [demonic ancestry]
  1345 | D:2      | Reached XP level 4. HP: 26/33 MP: 7/7
  1450 | D:2      | Became a worshipper of Trog the Wrathful
  1708 | D:2      | Reached XP level 5. HP: 38/38 MP: 8/8
  1783 | D:2      | Found a faded altar of an unknown god.
  2325 | D:3      | Noticed a sky beast
  2336 | D:3      | Killed a sky beast
  2336 | D:3      | Reached skill level 5 in Polearms
  2535 | D:3      | Reached * piety under Trog
  2700 | D:3      | Reached XP level 6. HP: 44/44 MP: 9/9
  2840 | D:4      | Noticed Edmund
  2852 | D:4      | Killed Edmund
  2976 | D:4      | Got a translucent bronze amulet
  2977 | D:4      | Identified the amulet of the Lobster {Spirit *Corrode rF++ Str+4} (You found it on level 4 of the Dungeon)
  3323 | D:4      | Found a glowing silver altar of Zin.
  3323 | D:4      | Found a glowing golden altar of the Shining One.
  3390 | D:4      | Reached XP level 7. HP: 50/50 MP: 10/10
  3892 | D:4      | Reached ** piety under Trog
  4022 | D:5      | Entered Level 5 of the Dungeon
  4222 | D:5      | Got a pair of ichor-stained gloves
  4228 | D:5      | Identified the +2 pair of gloves "Utiqejoam" {+Fly rC- MR+ Int+3} (You found it on level 5 of the Dungeon)
  4258 | D:5      | Noticed Eustachio
  4573 | D:5      | Gained mutation: You have razor-sharp toenails. [demonic ancestry]
  4573 | D:5      | Reached XP level 8. HP: 56/56 MP: 11/11
  5307 | D:6      | Found a staircase to the Ecumenical Temple.
  5447 | D:6      | Found a sand-covered staircase.
  5451 | Ossuary  | Entered an ossuary
  5499 | Ossuary  | Reached *** piety under Trog
  5605 | Ossuary  | Reached skill level 10 in Polearms
  5877 | D:6      | Gained mutation: You regenerate health from kills. [demonic ancestry]
  5877 | D:6      | Reached XP level 9. HP: 61/61 MP: 12/12
  5932 | D:6      | Found a blossoming altar of Fedhas.
  6367 | D:7      | Noticed skk's ghost (novice TeBe)
  6384 | D:7      | Killed skk's ghost
  6457 | D:7      | Reached **** piety under Trog
  6465 | D:7      | Found a shadowy altar of Dithmenos.
  6795 | D:8      | Noticed Grum
  6835 | D:8      | Killed Grum
  6882 | D:8      | Killed Eustachio
  6941 | D:8      | Gained mutation: You regenerate a lot of health from kills. [demonic ancestry]
  6941 | D:8      | Reached XP level 10. HP: 67/67 MP: 13/13
  7076 | D:8      | Got a crude lapis lazuli ring
  7078 | D:8      | Identified the ring "Reumoth" {+Fly rPois Str-5 Dex+3 Slay+4} (You found it on level 8 of the Dungeon)
  7198 | D:8      | Noticed Gastronok
  7247 | D:8      | Killed Gastronok
  7247 | D:8      | Reached ***** piety under Trog
  7613 | D:9      | Reached skill level 1 in Dodging
  7636 | D:9      | Noticed a two-headed ogre
  7644 | D:9      | Killed a two-headed ogre
  8453 | D:9      | Noticed a two-headed ogre
  8461 | D:9      | Gained mutation: You sometimes gain a little power by taking damage. [demonic ancestry]
  8461 | D:9      | Reached XP level 11. HP: 76/76 MP: 12/14
  8467 | D:9      | Killed a two-headed ogre
  8924 | D:10     | Entered Level 10 of the Dungeon
  9155 | D:10     | Found a staircase to the Lair.
  9176 | D:10     | Noticed a two-headed ogre
  9186 | D:10     | Killed a two-headed ogre
  9507 | D:11     | Noticed a two-headed ogre
  9518 | D:11     | Killed a two-headed ogre
  9518 | D:11     | Reached skill level 5 in Fighting
  9631 | D:11     | Noticed a two-headed ogre
  9640 | D:11     | Killed a two-headed ogre
  9748 | D:11     | Noticed SeriousVitamin's ghost (journeyman NaTm)
  9777 | D:11     | Killed SeriousVitamin's ghost
  9777 | D:11     | Reached skill level 5 in Armour
  9809 | D:11     | Noticed a two-headed ogre
  9816 | D:11     | Killed a two-headed ogre
  9816 | D:11     | Reached skill level 5 in Dodging
  9936 | D:11     | Noticed an unseen horror
  9950 | D:11     | Killed an unseen horror
 10022 | D:11     | Found a staircase to the Orcish Mines.
 10073 | D:11     | Noticed a two-headed ogre
 10080 | D:11     | Killed a two-headed ogre
 10150 | D:11     | Gained mutation: You sometimes gain power by taking damage. [demonic ancestry]
 10150 | D:11     | Reached XP level 12. HP: 78/89 MP: 10/15
 10334 | D:11     | Received a gift from Trog
 10590 | Lair:1   | Entered Level 1 of the Lair of Beasts
 11328 | Lair:2   | Noticed a six-headed hydra
 11342 | Lair:2   | Killed a six-headed hydra
 11474 | Lair:2   | Noticed a catoblepas
 11512 | Lair:2   | Killed a catoblepas
 11786 | Lair:2   | Noticed Fannar
 11795 | Lair:2   | Killed Fannar
 12506 | Lair:2   | You fall through a shaft!
 12673 | Lair:3   | Received a gift from Trog
 12778 | Lair:3   | Noticed Tovarisch's ghost (journeyman TrMo)
 12801 | Lair:3   | Killed Tovarisch's ghost
 12801 | Lair:3   | Gained mutation: You have claws for feet. [demonic ancestry]
 12801 | Lair:3   | Reached XP level 13. HP: 43/100 MP: 16/16
 13138 | Lair:3   | Found a staircase to the Snake Pit.
 13750 | Lair:4   | Found a staircase to the Swamp.
 14587 | Lair:5   | Identified the Papyrus of Stones and Calling
 14928 | Lair:5   | Reached skill level 15 in Polearms
 15354 | Lair:6   | Entered Level 6 of the Lair of Beasts
 15426 | Lair:6   | Reached skill level 1 in Shields
 15960 | Lair:6   | Reached skill level 10 in Fighting
 15968 | Lair:6   | Reached skill level 2 in Shields
 15987 | Lair:6   | Received a gift from Trog
 16030 | Lair:6   | Found a staircase to the Slime Pits.
 16301 | Lair:6   | Reached skill level 3 in Shields
 16417 | Lair:6   | Noticed a fire dragon
 16430 | Lair:6   | Killed a fire dragon
 16443 | Lair:6   | Reached XP level 14. HP: 111/111 MP: 12/17
 17346 | Snake:1  | Entered Level 1 of the Snake Pit
 17356 | Snake:1  | Reached skill level 4 in Shields
 17493 | Snake:1  | Noticed Kirke
 17506 | Snake:1  | Reached skill level 10 in Armour
 17517 | Snake:1  | Killed Kirke
 17534 | Snake:1  | Found a burning altar of Makhleb.
 17582 | Snake:1  | Found a frozen archway.
 17602 | IceCv    | Entered an ice cave
 17625 | IceCv    | Received a gift from Trog
 17928 | IceCv    | Reached skill level 5 in Shields
 18936 | Snake:1  | Noticed Roxanne
 18970 | Snake:1  | HP: 7/169 [naga/mace of holy wrath (3)]
 19019 | Snake:1  | Noticed Aizul
 19036 | Snake:1  | Killed Aizul
 19563 | Snake:2  | Noticed Vashnia
 19589 | Snake:2  | Killed Vashnia
 19589 | Snake:2  | Gained mutation: You are mostly covered in thin metallic scales. (AC +3) [demonic ancestry]
 19589 | Snake:2  | Reached XP level 15. HP: 46/120 MP: 18/18
 21584 | Snake:3  | Found a glowing golden altar of the Shining One.
 22436 | Snake:4  | Entered Level 4 of the Snake Pit
 23036 | Snake:4  | Noticed a nagaraja
 23051 | Snake:4  | Killed a nagaraja
 23279 | Snake:4  | Found a hazy altar of Hepliaklqana.
 23809 | Snake:4  | Noticed a nagaraja
 23819 | Snake:4  | Killed a nagaraja
 23824 | Snake:4  | Gained mutation: You are completely covered in thin metallic scales. (AC +4, rElec) [demonic ancestry]
 23824 | Snake:4  | Reached XP level 16. HP: 131/131 MP: 14/19
 24154 | Snake:4  | Received a gift from Trog
 24916 | Snake:4  | Got a serpentine rune of Zot
 25301 | D:12     | Noticed Frances
 25306 | D:12     | Killed Frances
 26269 | D:12     | Noticed Urug
 26278 | D:12     | Killed Urug
 27358 | D:14     | Reached ****** piety under Trog
 27362 | D:14     | Received a gift from Trog
 27421 | D:14     | Found a gate to the Vaults.
 27948 | D:14     | Gained mutation: You resist negative energy. (rN+) [demonic ancestry]
 27948 | D:14     | Reached XP level 17. HP: 140/140 MP: 20/20
 28121 | D:15     | Entered Level 15 of the Dungeon
 28232 | D:15     | Received a gift from Trog
 28516 | D:15     | Noticed Josephine
 28525 | D:15     | Killed Josephine
 28565 | D:15     | Found a staircase to the Depths.
 28768 | D:15     | Found an opulent altar of Gozag.
 28990 | Orc:1    | Entered Level 1 of the Orcish Mines
 28990 | Orc:1    | Found Mihuump's General Store.
 28992 | Orc:1    | Found Nuishuruori's Assorted Antiques.
 29344 | Orc:2    | Entered Level 2 of the Orcish Mines
 29404 | Orc:2    | Found a roughly hewn altar of Beogh.
 29405 | Orc:2    | Found Petof's Jewellery Shop.
 29423 | Orc:2    | Received a gift from Trog
 29604 | Orc:2    | Reached skill level 15 in Fighting
 29702 | Orc:2    | Found a roughly hewn altar of Beogh.
 29740 | Orc:2    | Found a staircase to the Elven Halls.
 30036 | Orc:2    | Found a roughly hewn altar of Beogh.
 30054 | Orc:2    | Found Tunluod's Book Shoppe.
 30166 | Orc:2    | Found a roughly hewn altar of Beogh.
 30473 | Orc:2    | Found Vuigun's Antique Armour Shoppe.
 30474 | Orc:2    | Found a roughly hewn altar of Beogh.
 30475 | Orc:2    | Found Yngie's Antique Weapon Emporium.
 30488 | Orc:2    | Bought a runed helmet for 172 gold pieces
 30504 | Orc:2    | Received a gift from Trog
 30708 | Swamp:1  | Entered Level 1 of the Swamp
 31670 | Swamp:2  | Found a shimmering altar of Xom.
 31881 | Swamp:2  | Received a gift from Trog
 32181 | Swamp:3  | Reached skill level 10 in Dodging
 32191 | Swamp:3  | Noticed Donald
 32203 | Swamp:3  | Killed Donald
 32746 | Swamp:4  | Entered Level 4 of the Swamp
 32861 | Swamp:4  | Reached XP level 18. HP: 114/150 MP: 16/21
 33062 | Swamp:4  | Got a decaying rune of Zot
 33739 | Vaults:1 | Entered Level 1 of the Vaults
 33739 | Vaults:1 | Found Affyatrooti's Assorted Antiques.
 33868 | Vaults:1 | Received a gift from Trog
 34150 | Vaults:1 | Found Liur's Jewellery Shoppe.
 34866 | Orc:1    | Bought a manual of Shields for 1104 gold pieces
 35052 | Vaults:1 | Reached skill level 6 in Shields
 35094 | Vaults:1 | Received a gift from Trog
 35125 | Vaults:1 | Reached skill level 7 in Shields
 35391 | Vaults:1 | Reached skill level 8 in Shields
 35866 | Vaults:2 | Reached skill level 9 in Shields
 35915 | Vaults:2 | Noticed Jorgrun
 35926 | Vaults:2 | Killed Jorgrun
 35949 | Vaults:2 | Reached skill level 10 in Shields
 36025 | Vaults:2 | Found a staircase to the Crypt.
 36025 | Vaults:2 | Found an ancient bone altar of Kikubaaqudgha.
 36026 | Vaults:2 | Found a basalt altar of Yredelemnul.
 36073 | Vaults:2 | Reached skill level 11 in Shields
 36240 | Vaults:2 | Received a gift from Trog
 36248 | Vaults:2 | Reached skill level 12 in Shields
 36254 | Vaults:2 | Identified the +11 trident "Pushotizu" {venom, Str+3} (Trog gifted it to you on level 2 of the Vaults)
 36532 | Vaults:2 | Reached skill level 13 in Shields
 36545 | Vaults:2 | Reached XP level 19. HP: 157/157 MP: 6/22
 37345 | Vaults:2 | Reached skill level 14 in Shields
 37999 | Vaults:3 | Received a gift from Trog
 38027 | Vaults:3 | Reached skill level 15 in Shields
 38209 | Vaults:3 | Noticed a lich
 38217 | Vaults:3 | Killed a lich
 38375 | Vaults:3 | Found Woriodim's Assorted Antiques.
 38388 | Vaults:3 | Reached skill level 16 in Shields
 38633 | Vaults:3 | Noticed Margery
 38640 | Vaults:3 | Received a gift from Trog
 38686 | Vaults:3 | Killed Margery
 38706 | Vaults:3 | Reached skill level 15 in Armour
 38739 | Vaults:3 | Reached XP level 20. HP: 164/164 MP: 5/23
 39503 | Vaults:4 | Received a gift from Trog
 40026 | Vaults:4 | Reached skill level 17 in Shields
 40058 | Vaults:4 | Found Deot's Distillery.
 40357 | Vaults:4 | Received a gift from Trog
 41166 | Depths:1 | Entered Level 1 of the Depths
 41166 | Depths:1 | Found a sparkling altar of Nemelex Xobeh.
 41431 | Depths:1 | Gained mutation: You are powered by pain. [demonic ancestry]
 41431 | Depths:1 | Reached XP level 21. HP: 171/171 MP: 8/24
 41704 | Depths:1 | Found a gateway to Hell.
 41788 | Depths:1 | Received a gift from Trog
 41854 | Depths:1 | Received a gift from Trog
 43352 | Depths:2 | Reached skill level 18 in Shields
 44032 | Depths:3 | Noticed Saint Roka
 44047 | Depths:3 | Killed Saint Roka
 44047 | Depths:3 | Received a gift from Trog
 44204 | Depths:3 | Received a gift from Trog
 44427 | Depths:3 | Gained mutation: You are somewhat able to resist unholy torments (1 in 2 success). [demonic ancestry]
 44427 | Depths:3 | Reached XP level 22. HP: 141/181 MP: 6/25
 44633 | Depths:3 | Got a sparkling amethyst amulet
 44634 | Depths:3 | Identified the amulet of Xurac {Gourm Fragile +Inv Str+6} (You found it on level 3 of the Depths)
 44770 | Depths:3 | Found a one-way gate leading to the halls of Pandemonium.
 45243 | Depths:4 | Received a gift from Trog
 45267 | Depths:4 | Noticed a golden dragon
 45289 | Depths:3 | Killed a golden dragon
 45856 | Depths:4 | Found a one-way gate to the infinite horrors of the Abyss.
 46679 | Orc:1    | Bought a scorched ivory ring for 130 gold pieces
 46679 | Orc:1    | Identified the ring of the Coward {-Tele rN+++ MR+ MP-9 Slay+5} (You bought it in a shop on level 1 of the Orcish Mines)
 46860 | Vaults:3 | Bought a heavily runed brass ring for 170 gold pieces
 46861 | Vaults:3 | Identified the ring of Disaster {Ice rElec Str-2 Int+3} (You bought it in a shop on level 3 of the Vaults)
 47421 | Depths:4 | Found a gateway to a ziggurat.
 47558 | Depths:5 | Entered Level 5 of the Depths
 47709 | Depths:5 | Noticed the Enchantress
 47715 | Depths:5 | Received a gift from Trog
 47733 | Depths:5 | Killed the Enchantress
 47759 | Depths:5 | Identified the +7 faerie dragon scales {rC+ rCorr} (You took it off the Enchantress on level 5 of the Depths)
 48092 | Depths:5 | Reached XP level 23. HP: 159/190 MP: 8/26
 48127 | Depths:5 | Reached skill level 15 in Dodging
 48145 | Depths:5 | Received a gift from Trog
 48360 | Depths:5 | Reached skill level 19 in Shields
 48725 | Depths:5 | Found a gate to the Realm of Zot.
 49009 | Depths:5 | Noticed a caustic shrike
 49012 | Depths:5 | Noticed a caustic shrike
 49020 | Depths:5 | Noticed a caustic shrike
 49023 | Depths:5 | Noticed a caustic shrike
 49023 | Depths:5 | Noticed a caustic shrike
 49029 | Depths:5 | Killed a caustic shrike
 49030 | Depths:5 | Killed a caustic shrike
 49037 | Depths:5 | Killed a caustic shrike
 49051 | Depths:5 | Killed a caustic shrike
 49057 | Depths:5 | Killed a caustic shrike
 49329 | Depths:5 | Noticed Boris
 49353 | Depths:5 | Killed Boris
 49639 | Orc:2    | Bought a manual of Shields for 1766 gold pieces
 49953 | Vaults:5 | Entered Level 5 of the Vaults
 50229 | Vaults:5 | Received a gift from Trog
 50359 | Vaults:5 | Got a wavering marble ring
 50618 | Vaults:5 | Identified the cursed ring of the Magpie {rElec Slay-3} (You took it off a vault sentinel on level 5 of the Vaults)
 50784 | Vaults:5 | Reached skill level 20 in Shields
 50814 | Vaults:5 | Reached XP level 24. HP: 201/201 MP: 8/26
 51280 | Vaults:5 | Received a gift from Trog
 52074 | Vaults:5 | Got a shimmering tin ring
 52076 | Vaults:5 | Identified a scroll of acquirement
 52086 | Vaults:5 | Identified the ring "Baamn" {-Tele rC+++ Dex+4 Stlth+} (You took it off a vault warden on level 5 of the Vaults)
 52115 | Vaults:5 | Got a twisted cloak
 52126 | Vaults:5 | Identified the +2 cloak of Daffodils {rF+} (You found it on level 5 of the Vaults)
 52138 | Vaults:5 | Got a silver rune of Zot
 52385 | Vaults:5 | Identified the Incunabulum of the Rocks and Creation
 52387 | Vaults:5 | Identified the Grimoire of Quantum Poisoning
 52766 | Depths:4 | Voluntarily entered the Abyss.
 53002 | Abyss:1  | Received a gift from Trog
 53091 | Abyss:1  | Paralysed by accursed screaming for 1 turns
 53280 | Abyss:1  | Gained mutation: You are frail. (-10% HP) [a neqoxec]
 53520 | Abyss:1  | Reached skill level 21 in Shields
 53526 | Abyss:1  | Found a corrupted altar of Lugonu.
 53570 | Abyss:1  | Received a gift from Trog
 54172 | Abyss:3  | Gained mutation: Your body sometimes deteriorates upon taking damage. [a neqoxec]
 54173 | Abyss:3  | Gained mutation: Your body often deteriorates upon taking damage. [a neqoxec]
 54527 | Abyss:4  | Received a gift from Trog
 54594 | Abyss:4  | Reached XP level 25. HP: 177/189 MP: 8/26
 54629 | Abyss:4  | Received a gift from Trog
 54945 | Abyss:4  | Found a corrupted altar of Lugonu.
 55052 | Abyss:4  | Lost mutation: You are frail. (-10% HP) [a neqoxec]
 55067 | Abyss:4  | Got an abyssal rune of Zot
 55088 | Abyss:4  | Found a corrupted altar of Lugonu.
 55168 | Abyss:4  | Received a gift from Trog
 55217 | Abyss:4  | Found a corrupted altar of Lugonu.
 55460 | Abyss:5  | Entered Level 5 of the Abyss
 55581 | Depths:4 | Escaped the Abyss
 55876 | Slime:1  | Entered Level 1 of the Pits of Slime
 55917 | Slime:2  | Gained mutation: You are occasionally teleported next to monsters. [a shining eye]
 56132 | Slime:2  | Gained mutation: You are weak. (Str -2) [a shining eye]
 56136 | Slime:2  | Gained mutation: You are clumsy. (Dex -2) [a shining eye]
 56137 | Slime:2  | Gained mutation: Your magical capacity is low. (-10% MP) [a shining eye]
 56141 | Slime:2  | Gained mutation: Scrolls take you a little longer to read. [a shining eye]
 56147 | Slime:2  | Lost mutation: Your body often deteriorates upon taking damage. [potion of mutation]
 56147 | Slime:2  | Lost mutation: You are weak. (Str -2) [potion of mutation]
 56147 | Slime:2  | Lost mutation: You are clumsy. (Dex -2) [potion of mutation]
 56147 | Slime:2  | Lost mutation: Your magical capacity is low. (-10% MP) [potion of mutation]
 56147 | Slime:2  | Gained mutation: You have a pair of small horns on your head. [potion of mutation]
 56147 | Slime:2  | Gained mutation: You do not regenerate when monsters are visible. [potion of mutation]
 56147 | Slime:2  | Gained mutation: Your muscles are strong. (Str +2) [potion of mutation]
 56148 | Slime:2  | Lost mutation: You have a pair of small horns on your head. [potion of mutation]
 56148 | Slime:2  | Lost mutation: You are occasionally teleported next to monsters. [potion of mutation]
 56148 | Slime:2  | Lost mutation: Your body sometimes deteriorates upon taking damage. [potion of mutation]
 56148 | Slime:2  | Lost mutation: Your muscles are strong. (Str +2) [potion of mutation]
 56148 | Slime:2  | Gained mutation: Your spells are a little easier to cast, but a little less powerful. [potion of mutation]
 56148 | Slime:2  | Gained mutation: Your flesh is cold resistant. (rC+) [potion of mutation]
 56149 | Slime:2  | Lost mutation: Your spells are a little easier to cast, but a little less powerful. [potion of mutation]
 56149 | Slime:2  | Lost mutation: Scrolls take you a little longer to read. [potion of mutation]
 56149 | Slime:2  | Lost mutation: Your flesh is cold resistant. (rC+) [potion of mutation]
 56149 | Slime:2  | Gained mutation: You are agile. (Dex +2) [potion of mutation]
 56149 | Slime:2  | Gained mutation: You have supernaturally acute eyesight. (SInv) [potion of mutation]
 56149 | Slime:2  | Gained mutation: You are resistant to hostile enchantments. (MR+) [potion of mutation]
 56150 | Slime:2  | Lost mutation: You are resistant to hostile enchantments. (MR+) [potion of mutation]
 56150 | Slime:2  | Lost mutation: You are agile. (Dex +2) [potion of mutation]
 56150 | Slime:2  | Lost mutation: You have supernaturally acute eyesight. (SInv) [potion of mutation]
 56150 | Slime:2  | Gained mutation: You are agile. (Dex +2) [potion of mutation]
 56150 | Slime:2  | Gained mutation: Your spells are a little harder to cast, but a little more powerful. [potion of mutation]
 56151 | Slime:2  | Lost mutation: You are agile. (Dex +2) [potion of mutation]
 56151 | Slime:2  | Lost mutation: Your spells are a little harder to cast, but a little more powerful. [potion of mutation]
 56151 | Slime:2  | Lost mutation: You do not regenerate when monsters are visible. [potion of mutation]
 56151 | Slime:2  | Gained mutation: Your mind is acute. (Int +2) [potion of mutation]
 56151 | Slime:2  | Lost mutation: Your mind is acute. (Int +2) [potion of mutation]
 56151 | Slime:2  | Gained mutation: You are resistant to hostile enchantments. (MR+) [potion of mutation]
 56151 | Slime:2  | Gained mutation: Your natural rate of healing is unusually fast. [potion of mutation]
 56284 | Slime:2  | Reached skill level 22 in Shields
 56346 | Slime:2  | Received a gift from Trog
 56598 | Slime:5  | Entered Level 5 of the Pits of Slime
 56603 | Slime:5  | Paralysed by a floating eye for 4 turns
 56765 | Slime:5  | Noticed the Royal Jelly
 56778 | Slime:5  | Killed the Royal Jelly
 56799 | Slime:5  | Received a gift from Trog
 56821 | Slime:5  | Gained mutation: You expend magic power (3 MP) to strengthen your wands. [a shining eye]
 56894 | Slime:5  | Got a slimy rune of Zot
 56984 | Slime:5  | Got a scorched bronze ring
 56988 | Slime:5  | Identified the ring "Wyqeufa" {rCorr MR+ Int+4} (You found it on level 5 of the Pits of Slime)
 57482 | Zot:1    | Entered Level 1 of the Realm of Zot
 58008 | Zot:1    | Gained mutation: Your melee attacks may debilitate your foes. [demonic ancestry]
 58008 | Zot:1    | Reached XP level 26. HP: 210/220 MP: 8/26
 58270 | Zot:1    | HP: 8/220 [red draconian knight/great mace of holy wrath (15)]
 58270 | Zot:1    | Slain by a red draconian knight

Skill      XL: |  1  2  3  4  5  6  7  8  9 10 11 12 13 14 15 16 17 18 19 20 21 22 23 24 25 26 |
---------------+-------------------------------------------------------------------------------+-----
Polearms       | 1 2 3 4 5 7 8 10 12 14 15 16 17 18 | 18.5
Dodging        | 2 6 7 8 10 11 12 13 14 15 16 17 18 | 18.0
Fighting       | 3 6 8 10 11 13 14 15 16 17 18 19 20 | 20.9
Armour         | 3 6 7 9 10 12 13 14 15 16 17 18 19 20 | 20.2
Shields        | 3 5 13 16 17 18 20 21 22 | 22.3
Throwing       | |  1.0
Spellcasting   | |  2.0
Necromancy     | |  3.2
Evocations     | |  1.0

Action                   |  1- 3 |  4- 6 |  7- 9 | 10-12 | 13-15 | 16-18 | 19-21 | 22-24 | 25-27 || total
-------------------------+-------+-------+-------+-------+-------+-------+-------+-------+-------++-------
Melee: Spear             |   180 |   197 |   389 |       |       |       |       |       |       ||   766
       Kick              |    23 |    32 |   150 |   203 |   413 |   560 |   763 |   891 |   489 ||  3524
       Trident           |       |       |   184 |   472 |  1178 |   145 |       |       |       ||  1979
       Halberd           |       |       |       |   226 |   164 |       |       |       |       ||   390
       Bardiche          |       |       |       |       |    77 |   827 |       |       |       ||   904
       Demon trident     |       |       |       |       |       |  1119 |  2073 |  2494 |  1259 ||  6945
Invok: Burn Spellbooks   |       |     2 |       |     1 |       |     2 |       |     5 |     1 ||    11
       Berserk           |       |     3 |     5 |     8 |    15 |     5 |     1 |       |     1 ||    38
       Brothers in Arms  |       |       |       |     1 |     4 |     1 |     1 |       |       ||     7
       Trog's Hand       |       |       |       |       |     5 |     1 |     1 |       |       ||     7
 Abil: Stop Flying       |       |       |       |       |       |       |       |     1 |       ||     1
       Evoke Flight      |       |       |       |       |       |       |       |     1 |       ||     1
Evoke: Wand              |       |       |     3 |     4 |       |     1 |     2 |     1 |     1 ||    12
  Use: Scroll            |       |    12 |     2 |     8 |     8 |    11 |     6 |    13 |     6 ||    66
       Potion            |       |     2 |       |     1 |     1 |     1 |     1 |     2 |    11 ||    19
 Stab: Distracted        |       |       |       |       |       |     1 |       |     2 |     2 ||     5
       Paralysed         |       |       |       |       |       |       |     3 |       |     1 ||     4
       Confused          |       |       |       |       |       |       |       |     5 |       ||     5
       Invisible         |       |       |       |       |       |       |       |       |     3 ||     3
  Eat: Chunk             |     2 |     8 |    14 |    26 |    21 |    35 |    22 |    19 |     4 ||   151
       Ration            |       |       |     1 |       |    10 |     5 |     2 |     5 |     3 ||    26
Armor: Scale mail        |   103 |    71 |    41 |       |       |       |       |       |       ||   215
       Ice dragon scales |       |       |   132 |   213 |   474 |   715 |   379 |    95 |       ||  2008
       Fire dragon scale |       |       |       |       |       |       |       |   231 |   229 ||   460
Dodge: Dodged            |    75 |    62 |   111 |   227 |   641 |   850 |   511 |   411 |   373 ||  3261
Block: Buckler           |       |       |       |       |   102 |       |       |       |       ||   102
       Shield            |       |       |       |       |   149 |   337 |   422 |       |       ||   908
       Reflection        |       |       |       |       |       |    21 |    39 |    67 |    13 ||   140
       Large shield      |       |       |       |       |       |       |   565 |  1543 |  1141 ||  3249
